 Dungeon Crawl Stone Soup version 0.17-a0-1393-gcb420ff (webtiles) character file.

3168 Giampli the Blocker (level 9, -5/79 HPs)
             Began as a Hill Orc Fighter on June 15, 2015.
             Was a Priest of Nemelex Xobeh.
             Slain by an orc warrior
             ... wielding a +0 trident
              (9 damage)
             ... on level 8 of the Dungeon on June 16, 2015.
             The game lasted 01:27:09 (7685 turns).

Giampli the Blocker (Hill Orc Fighter)              Turns: 7685, Time: 01:27:09

Health: -5/79      AC: 16    Str: 22    XL:     9   Next: 94%
Magic:  10/10      EV:  2    Int: 13    God:    Nemelex Xobeh [***...]
Gold:   345        SH:  0    Dex: 10    Spells: 0 memorised, 8 levels left

rFire  . . .     SeeInvis .     a - +1 war axe
rCold  . . .     Clarity  .     m - +1 plate armour
rNeg   . . .     SustAt   .     (no shield)
rPois  .         Gourm    .     f - +0 helmet
rElec  .         Spirit   .     (no cloak)
rCorr  .         Warding  .     c - +0 pair of gloves
rMut   .         Stasis   +     (no boots)
MR     .....                    G - amulet of stasis
Stlth  ..........               (no ring)
                                j - +5 ring of intelligence

@: drained, not resistant to hostile enchantments, extremely unstealthy
A: no striking features
a: Triple Draw, Renounce Religion, Convert to Beogh


You were on level 8 of the Dungeon.
You worshipped Nemelex Xobeh.
Nemelex Xobeh was most pleased with you.
You were not hungry.

You visited 2 branches of the dungeon, and saw 9 of its levels.

You collected 353 gold pieces.

Inventory:

Hand weapons
 a - a +1 war axe (weapon)
 p - a cursed +2 long sword of protection
 A - a +3 hand axe of pain
 E - a +0 halberd
 M - a +2 rapier of draining
 Q - a +1 flail of holy wrath
Missiles
 g - 141 stones (quivered)
Armour
 c - a +0 pair of gloves (worn)
 f - a +0 helmet (worn)
 m - a +1 plate armour (worn)
 u - a +0 shield
Jewellery
 h - an uncursed amulet of the gourmand
 j - a +5 ring of intelligence (left hand)
 C - an uncursed amulet of regeneration
 G - an amulet of stasis (around neck)
 Z - an uncursed ring of positive energy {unknown}
Magical devices
 I - a wand of random effects (27)
Scrolls
 b - a scroll of immolation
 i - 4 scrolls of recharging
 o - a scroll of fear
 q - a scroll of magic mapping
 B - 3 scrolls of identify
 D - 2 scrolls of enchant weapon
 H - a scroll of teleportation
 K - 3 scrolls of remove curse
 O - 2 scrolls of amnesia
 T - a scroll of brand weapon {unknown}
 V - a scroll of vulnerability {unknown}
 Y - a scroll of blinking {unknown}
Potions
 d - 3 potions of might
 k - a potion of ambrosia
 s - a potion of cancellation {unknown}
 t - 3 potions of curing {unknown}
 w - 2 potions of mutation
 x - 2 potions of invisibility {unknown}
 z - a potion of flight {unknown}
 J - a potion of haste {unknown}
 L - a potion of brilliance
 N - a potion of lignification {unknown}
 P - a potion of beneficial mutation {unknown}
 S - a potion of berserk rage {unknown}
 U - a potion of magic {unknown}
 X - a potion of degeneration {unknown}
Miscellaneous
 r - a plain deck of escape {drawn: 2}
 y - an ornate deck of war {drawn: 7}
 F - a plain deck of war {drawn: 2}
 R - an ornate deck of destruction {drawn: 2}
 W - a plain deck of escape
Comestibles
 e - a bread ration
 l - 4 fruits
 n - 5 meat rations
 v - a royal jelly


   Skills:
 + Level 7.3(6.7) Fighting
 + Level 1.8(1.2) Short Blades
 + Level 6.3(5.9) Axes
 + Level 1.9(3.2) Polearms
 * Level 5.6(5.0) Throwing
 + Level 7.0(6.3) Armour
 + Level 2.0(1.4) Dodging
 + Level 0.1(0.0) Stealth
 + Level 8.5(7.8) Shields
 + Level 1.4(0.8) Evocations


You had 8 spell levels left.
You didn't know any spells.

Dungeon Overview and Level Annotations

Branches:
Dungeon (8/15)             Temple (1/1) D:4
   Lair: D:8-11

Altars:
Ashenzari
Dithmenos
Elyvilon
Fedhas
Gozag
Kikubaaqudgha
Makhleb
Nemelex Xobeh
Okawaru
Qazlal
Ru
Trog
Vehumet
Xom
Yredelemnul
Zin
The Shining One
Lugonu

Annotations:
D:4 Sigmund


Message History

You kill the gnoll!
You closely miss the wight.
The wight is lightly damaged.
The ogre hits you with a giant spiked club!!
The wight hits you but does no damage.
The orc wizard casts a spell.
The orc wizard blinks!
The orc warrior hits you with a trident!
* * * LOW HITPOINT WARNING * * *
The wight hits you but does no damage.
An orc priest comes into view.
The orc priest shouts!
The orc priest shouts, "Surrender to Beogh and we'll let you live!"
You can't go down here!
The wight hits you but does no damage.
The ogre hits you with a giant spiked club!
* * * LOW HITPOINT WARNING * * *
The orc warrior hits you with a trident!
You die...
Your body disappears without a glow.

#.♣♣♣. .. ...
#.....##.##...
#.....#.......
.. #.....+.....
..##.....#....
.....§....(.#
..o.?..o)#z##
...o§...o@O.#
..♣.....zo..#
♣.....o....# #
♣♣.....÷..#...
♣♣............
♣.....#.#....
♣../.##.#.....
♣..............
♣.....#########


You could see an orc warrior, an ogre, 2 wights, 2 orc priests, an orc wizard
and 2 orcs.

Vanquished Creatures
  Pikel (D:6)
  Grinder (D:4)
  Edmund (D:5)
  Eustachio (D:5)
  A hippogriff (D:5)
  Menkaure (D:5)
  A water moccasin (D:7)
  2 ice beasts
  4 ogres
  2 giant frogs
  Dowan (D:6)
  A scorpion (D:4)
  The ghost of DrClinical the Firebug, a weakling DsFE (D:3)
  A giant frog zombie (D:6)
  2 orc priests (D:6)
  3 wights (D:7)
  A crimson imp (D:6)
  A gnoll shaman (D:7)
  Ijyb (D:2)
  3 hounds
  2 iguanas (D:7)
  An iron imp (D:8)
  2 giant frog skeletons (D:5)
  Terence (D:3)
  Natasha (thrice) (D:3)
  5 orc wizards
  A worker ant (D:5)
  A worker ant zombie (D:5)
  5 adders
  4 gnolls
  2 oozes
  3 worms
  An adder skeleton (D:6)
  An adder zombie (D:5)
  14 orcs
  10 bats
  2 bat skeletons
  3 giant cockroaches
  16 goblins
  11 hobgoblins
  14 jackals
  2 ball pythons
  2 giant geckos
  8 giant newts
  13 kobolds
  4 quokkas
  2 quokka skeletons
  10 rats
173 creatures vanquished.

Vanquished Creatures (collateral kills)
  Duvessa (D:6)
  A sky beast (D:4)
  2 ice beasts (D:6)
4 creatures vanquished.

Vanquished Creatures (others)
  3 slaves
  An adder (D:6)
  An adder skeleton (D:5)
5 creatures vanquished.

Grand Total: 182 creatures vanquished

Notes
Turn   | Place    | Note
--------------------------------------------------------------
     0 | D:1      | Giampli the Hill Orc Fighter began the quest for the Orb.
     0 | D:1      | Reached XP level 1. HP: 19/19 MP: 1/1
   226 | D:1      | Reached XP level 2. HP: 22/27 MP: 2/2
   538 | D:1      | Reached skill level 4 in Fighting
   538 | D:1      | Reached XP level 3. HP: 33/33 MP: 3/3
   548 | D:1      | Upgraded the game from 0.17-a0-1378-g281efdd to 0.17-a0-1382-gc46a074
  1290 | D:2      | Reached XP level 4. HP: 37/40 MP: 4/4
  1383 | D:2      | Found a shattered altar of Ashenzari.
  1424 | D:2      | Noticed Ijyb
  1439 | D:2      | Killed Ijyb
  1683 | D:3      | Noticed Natasha
  1693 | D:3      | Killed Natasha
  1693 | D:3      | Reached XP level 5. HP: 35/46 MP: 5/5
  1746 | D:3      | Found a sparkling altar of Nemelex Xobeh.
  1760 | D:3      | Reached skill level 1 in Dodging
  1789 | D:3      | Noticed Natasha
  1801 | D:3      | Killed Natasha
  1801 | D:3      | Reached skill level 1 in Throwing
  1805 | D:3      | Became a worshipper of Nemelex Xobeh the Trickster
  1861 | D:3      | Noticed Natasha
  1865 | D:3      | Killed Natasha
  1937 | D:3      | Noticed DrClinical's ghost (weakling DsFE)
  1953 | D:3      | Killed DrClinical's ghost
  1973 | D:3      | Received a gift from Nemelex Xobeh
  2163 | D:3      | Noticed Terence
  2163 | D:3      | Found a burning altar of Makhleb.
  2163 | D:3      | Found an ancient bone altar of Kikubaaqudgha.
  2163 | D:3      | Found a basalt altar of Yredelemnul.
  2163 | D:3      | Found a bloodstained altar of Trog.
  2172 | D:3      | Killed Terence
  2172 | D:3      | Reached XP level 6. HP: 51/53 MP: 6/6
  2182 | D:3      | Found an iron altar of Okawaru.
  2182 | D:3      | Found a glowing silver altar of Zin.
  2533 | D:3      | Noticed a wyvern
  2535 | D:3      | Killed a wyvern
  2645 | D:4      | Noticed a vampire mosquito
  2646 | D:4      | Reached skill level 5 in Shields
  2648 | D:4      | Killed a vampire mosquito
  2700 | D:4      | Noticed Grinder
  2702 | D:4      | Paralysed by Grinder for 5 turns
  2719 | D:4      | Paralysed by Grinder for 2 turns
  2722 | D:4      | Paralysed by Grinder for 3 turns
  2726 | D:4      | Paralysed by Grinder for 5 turns
  2743 | D:4      | Paralysed by Grinder for 2 turns
  2751 | D:4      | Paralysed by Grinder for 7 turns
  2761 | D:4      | Killed Grinder
  2761 | D:4      | Reached XP level 7. HP: 9/60 MP: 7/7
  3153 | D:4      | Reached skill level 5 in Axes
  3153 | D:4      | Reached skill level 5 in Armour
  3258 | D:4      | Noticed Sigmund
  3601 | D:4      | Received a gift from Nemelex Xobeh
  3799 | D:4      | Found a staircase to the Ecumenical Temple.
  3810 | Temple   | Entered the Ecumenical Temple
  3979 | D:4      | Reached skill level 5 in Fighting
  3991 | D:5      | Entered Level 5 of the Dungeon
  4103 | D:5      | Reached skill level 6 in Shields
  4116 | D:5      | Noticed Menkaure
  4132 | D:5      | Killed Menkaure
  4132 | D:5      | Reached XP level 8. HP: 28/69 MP: 8/8
  4275 | D:5      | Noticed Eustachio
  4317 | D:5      | Killed Eustachio
  4408 | D:5      | Received a gift from Nemelex Xobeh
  4473 | D:5      | Noticed Pikel
  4516 | D:6      | Killed Pikel
  4516 | D:6      | Reached skill level 7 in Shields
  4874 | D:5      | Found a glowing golden altar of the Shining One.
  4902 | D:5      | Noticed Edmund
  4907 | D:5      | Killed Edmund
  4933 | D:5      | Received a gift from Nemelex Xobeh
  5303 | D:5      | Reached skill level 1 in Short Blades
  5303 | D:5      | Reached XP level 9. HP: 71/78 MP: 9/9
  5383 | D:6      | Noticed Duvessa
  5383 | D:6      | Noticed Dowan
  5392 | D:6      | Killed Duvessa
  5395 | D:6      | Killed Dowan
  5638 | D:6      | Upgraded the game from 0.17-a0-1382-gc46a074 to 0.17-a0-1393-gcb420ff
  5797 | D:6      | Reached skill level 1 in Evocations
  6044 | D:6      | Acquired Nemelex Xobeh's first power
  6161 | D:6      | Received a gift from Nemelex Xobeh
  6320 | D:6      | Reached skill level 5 in Throwing
  6320 | D:6      | Reached skill level 8 in Shields
  7308 | D:8      | Reached skill level 1 in Polearms
  7685 | D:8      | Slain by an orc warrior

Vault maps used:
D:1:      nicolae_arrival_somewhat_less_tricky_arrival
D:2:      lemuel_crystal_altar, first_bread, kennysheep_cluttered_room,
          minmay_unequal, uniq_iyjb
D:3:      nemelex_deck, minmay_overflow_temple_hex, uniq_natasha, uniq_terence
D:4:      minmay_temple_entry_poolview, uniq_sigmund, uniq_grinder
D:5:      nicolae_tso_swordbearing_angel, uniq_eustachio, uniq_edmund,
          uniq_pikel, uniq_menkaure
D:6:      uniq_duvessa
D:7:      corexii_leaking_fountain, grunt_ministairs_15
D:8:      serial_shops, shop
Temple:   corrupted_temple

Action                   |  1- 3 |  4- 6 |  7- 9 || total
-------------------------+-------+-------+-------++-------
Melee: War axe           |   124 |   171 |   188 ||   483
       Hand axe          |       |     5 |       ||     5
       Rapier            |       |       |   182 ||   182
       Halberd           |       |       |   158 ||   158
Evoke: Deck              |       |     2 |    11 ||    13
  Use: Scroll            |     8 |     3 |    11 ||    22
       Potion            |       |       |     2 ||     2
  Eat: Chunk             |     1 |       |       ||     1
       Bread ration      |       |     1 |     4 ||     5
       Meat ration       |       |       |     1 ||     1
